 Dungeon Crawl Stone Soup version 0.20.1-1-g8b1a95d (webtiles) character file.

58 Zedayar the Sneak (level 3, -2/18 HPs)
             Began as a Spriggan Assassin on Aug 25, 2017.
             Killed from afar by Natasha (8 damage)
             ... with a magic dart
             ... on level 2 of the Dungeon.
             The game lasted 00:07:46 (1651 turns).

Zedayar the Sneak (Spriggan Assassin)               Turns: 1651, Time: 00:07:47

Health: -2/18      AC:  3    Str:  7    XL:     3   Next: 75%
Magic:  4/4        EV: 17    Int: 12    God:
Gold:   66         SH:  0    Dex: 18    Spells: 2/2 levels left

rFire    . . .     SeeInvis +   j - +3 hand axe
rCold    . . .     Gourm    .   (shield restricted)
rNeg     . . .     Faith    .   c - +0 robe
rPois    .         Spirit   .   (helmet restricted)
rElec    .         Reflect  .   d - +0 cloak
rCorr    .         Harm     .   (gloves unavailable)
MR       .....                  (boots unavailable)
Stlth    ++++......             (no amulet)
Regen    0.1/turn               (no ring)
MPRegen  0.1/turn               (no ring)

@: slowed, quick
A: unfitting armour, see invisible, herbivore 3, speed 3, slow metabolism 2
a: no special abilities


You were on level 2 of the Dungeon.
You were not hungry.

You visited 1 branch of the dungeon, and saw 2 of its levels.

You collected 66 gold pieces.

Inventory:

Hand Weapons
 a - a +2 dagger
 b - a +0 blowgun
 j - a +3 hand axe (weapon)
Missiles
 e - 8 poisoned needles
 f - 2 curare-tipped needles
Armour
 c - a +0 robe (worn)
 d - a +0 cloak (worn)
Scrolls
 i - a scroll of teleportation {unknown}
 k - a scroll of remove curse {unknown}
 l - a scroll of blinking {unknown}
Potions
 h - 3 potions of mutation {unknown}
 m - a potion of heal wounds {unknown}
 n - a potion of might {unknown}
Comestibles
 g - 3 bread rations


   Skills:
 + Level 1.8 Fighting
 + Level 2.2 Short Blades
 + Level 1.0 Axes
 + Level 2.0 Throwing
 + Level 2.0 Dodging
 * Level 7.4 Stealth


You had 2 spell levels left.
You didn't know any spells.

Dungeon Overview and Level Annotations

Branches:
Dungeon (2/15)

Altars:
Zin

Annotations:
D:2 Natasha


Innate Abilities, Weirdness & Mutations

You are very small and have problems with some larger weapons.
You are too small for most types of armour.
You have supernaturally acute eyesight. (SInv)
You are a herbivore.
You cover ground extremely quickly.
You need consume almost no food.


Message History

You see here a spear.
Natasha casts a spell.
The crimson imp shouts, "Abandon hope, thou pox-marked kobold-kissing nightsoil!"
The crimson imp barely misses you.
You hit Natasha.
Natasha is heavily wounded.
You closely miss the crimson imp. Natasha claws you.
The crimson imp blinks!
You barely miss Natasha.
Natasha is heavily wounded.
You hit the crimson imp.
Natasha mumbles some strange words.
The crimson imp sputters.
The crimson imp barely misses you. Natasha claws you!
* * * LOW HITPOINT WARNING * * *
The crimson imp blinks!
Natasha stares at you and mumbles some strange words.
You feel yourself slow down.
Natasha stares at you and mumbles some strange words.
The magic dart hits you!
You die...

........#...#######.....####..# #
...)....[...##..........'..#..###
............##..........##.'.....
.........)..##.........#####.....
........5...##.........'...'.....
........#.....####....(#####.....
....$...#.....# #.....#.....#'#.
######........##########.###....#
............h...@.............>..
######...######.......##.........
.......).'...................#'#.
###......##.#†..)................
..'.........#..###...............
###...#######....###+#......#....
...#..... ....#.....#......'....
...#..... ...#.......#......##.#.
...#......r..+.......#......##...


You could see Natasha.

Vanquished Creatures
  2 adders (D:2)
  A worm (D:2)
  A dart slug (D:2)
  A ball python (D:1)
  5 goblins
  6 hobgoblins
  3 jackals (D:1)
  4 kobolds
  2 bats
  2 frilled lizards (D:1)
  5 rats
32 creatures vanquished.

Notes
Turn   | Place    | Note
-------+----------+-------------------------------------------
     0 | D:1      | Zedayar the Spriggan Assassin began the quest for the Orb.
     0 | D:1      | Reached XP level 1. HP: 10/10 MP: 2/2
    21 | D:1      | Reached skill level 6 in Stealth
   331 | D:1      | Reached XP level 2. HP: 14/14 MP: 3/3
   782 | D:2      | Found a glowing silver altar of Zin.
   858 | D:2      | Reached skill level 7 in Stealth
   858 | D:2      | Reached XP level 3. HP: 4/18 MP: 4/4
  1092 | D:2      | Noticed Natasha
  1548 | D:2      | Reached skill level 1 in Axes
  1651 | D:2      | Killed from afar by Natasha

Skill      XL: |  1  2  3 |
---------------+----------+-----
Stealth        | 6 7 |  7.4
Dodging        | 2 |  2.0
Axes           | 1 |  1.0
Fighting       | |  1.8
Short Blades   | |  2.2
Throwing       | |  2.0

Action                   || total
-------------------------++-------
Melee: Dagger            ||     8
       Hand axe          ||    84
  Use: Potion            ||     1
 Stab: Sleeping          ||     6
Armor: Robe              ||     8
Dodge: Dodged            ||    95
